 Dungeon Crawl Stone Soup version 0.31-a0-276-ge00219d475 (webtiles) character file.

Game seed: 2356556636955565354

108 CovertPenguin the Trooper (level 4, -2/49 HPs)
             Began as an Ogre Shapeshifter on July 15, 2023.
             Slain by a gnoll
             ... wielding a +0 halberd
              (8 damage)
             ... on level 3 of the Dungeon.
             The game lasted 00:03:16 (1627 turns).

CovertPenguin the Trooper (Ogre Shapeshifter)       Turns: 1627, Time: 00:03:16

Health: -2/49      AC:  3    Str: 21    XL:     4   Next: 87%
Magic:  4/4        EV:  9    Int:  9    God:
Gold:   143        SH:  0    Dex:  9    Spells: 3/3 levels left

rFire   . .          .
                       - Unarmed
rCold   . . .        (no shield)
rNeg    . . .        d - +0 robe
rPois   .            (helmet currently unavailable)
rElec   .            (cloak currently unavailable)
rCorr   .            (gloves unavailable)
SInv    .            (boots unavailable)
Will    .....        (no amulet)
Stlth   +            (no ring)
HPRegen 0.28/turn    (no ring)
MPRegen 0.09/turn

%: no passive effects
@: mighty, lethally poisoned (-2 -> -4), beast-form
A: beast (slay +2), large, unfitting armour, tough skin 1
a: Begin Untransformation


You were on level 3 of the Dungeon.
You were a hulking beast.
You visited 1 branch of the dungeon, and saw 3 of its levels.

You collected 143 gold pieces.

Inventory:

Missiles
 l - 21 stones
Armour
 d - a +0 robe (worn)
   (You found it on level 1 of the Dungeon)
Jewellery
 n - a ring of ice
   (You found it on level 2 of the Dungeon)
Talismans
 c - a beast talisman
Wands
 j - a wand of mindburst (16)
   (You found it on level 2 of the Dungeon)
Scrolls
 e - a scroll of revelation {unknown}
 g - a scroll of amnesia {unknown}
 k - a scroll of butterflies {unknown}
 m - a scroll of fear {unknown}
 p - a scroll of identify {unknown}
Potions
 b - a potion of lignification {!q}
 h - a potion of attraction {unknown}
 i - a potion of mutation {unknown}
 o - a potion of ambrosia


   Skills:
 + Level 4.3 Fighting
 - Level 1.7 Dodging
 * Level 3.7 Unarmed Combat
 - Level 3.0 Shapeshifting


You had 3 spell levels left.
You didn't know any spells.
Your spell library was empty.

Dungeon Overview and Level Annotations

Branches:
Dungeon (2/15) Zot: 16379

Altars:
Elyvilon
Zin
The Shining One


Innate Abilities, Weirdness & Mutations

You are a hulking beast.
Your limbs bulge with bestial killing power. (Slay +2)
You are too large for most types of armour.
You have tough skin. (AC +1)


Message History

You are poisoned.
The adder poisons you!
You bump into the rock wall.
You feel sick. The gnoll barely misses you.
You miss the adder.
You feel sick. The adder bites you but does no damage.
The gnoll closely misses you.
You barely miss the adder. The adder bites you. The adder barely misses you.
The gnoll closely misses you. The adder bites you but does no damage.
You bump into the rock wall.
You feel sick. The adder closely misses you.
The gnoll hits you from afar with a +0 halberd!
* * * LOW HITPOINT WARNING * * *
The adder bites you.
* * * LOW HITPOINT WARNING * * *
You're too confused to move!
You feel sick. The adder bites you.
* * * LOW HITPOINT WARNING * * *
You are more poisoned.
The adder poisons you! The adder bites you but does no damage.
The gnoll barely misses you. The adder bites you.
* * * LOW HITPOINT WARNING * * *
You feel sick. The adder bites you.
* * * LOW HITPOINT WARNING * * *
You are more poisoned.
The adder poisons you!
It was a potion of curing.
You feel better.
You feel less invigorated. The adder bites you but does no damage.
The adder closely misses you. x2
Found a scroll labelled PAFAECH WIYRCH.
The adder bites you but does no damage.
Found 12 gold pieces.
The adder bites you.
Found a sedimented amethyst potion.
You punch the adder! You closely miss the adder. The adder barely misses you.
The adder closely misses you. The gnoll closely misses you.
You miss the adder. You punch the adder.
You kill the adder!
The adder misses you.
The gnoll hits you from afar with a +0 halberd!
* * * LOW HITPOINT WARNING * * *
You hit the adder. The adder barely misses you. The adder misses you.
The gnoll hits you from afar with a +0 halberd!
* * * LOW HITPOINT WARNING * * *
The adder attacks as you move away! The adder barely misses you.
You completely miss the adder. The adder bites you.
* * * LOW HITPOINT WARNING * * *
You are poisoned.
The adder poisons you!
You barely miss the adder.
You feel sick. The adder bites you.
* * * LOW HITPOINT WARNING * * *
It was a potion of might.
You feel very mighty all of a sudden.
You feel sick. The adder barely misses you. The gnoll completely misses you.
The gnoll hits you from afar with a +0 halberd!
You die...

####...♣♣♣.....
...............!........
..##.)..................
#.##....................
#.###.#......$..........
.....?..................
..........#.............
............#.#g...$....
........#..##.gSh....#
$.......#...#g######.#
........g..g..#
.......####...# .#######
#........ ## #.......# #
........# #.......## .
........#


You could see 3 gnolls and an adder.

Vanquished Creatures
  Jessica (D:3)
  5 adders
  A worm (D:2)
  An orc (D:3)
  2 endoplasms
  3 giant cockroaches
  2 goblins
  2 hobgoblins
  7 kobolds
  2 quokkas (D:2)
  A ball python (D:2)
  2 bats (D:2)
  A frilled lizard (D:2)
  8 rats
38 creatures vanquished.

Notes
Turn   | Place    | Note
-------+----------+-------------------------------------------
     0 | D:1      | CovertPenguin the Ogre Shapeshifter began the quest for the
                  | Orb.
     0 | D:1      | Reached XP level 1. HP: 22/22 MP: 1/1
   257 | D:1      | Reached skill level 3 in Fighting
   505 | D:2      | Reached XP level 2. HP: 31/31 MP: 2/2
   582 | D:2      | Reached XP level 3. HP: 26/37 MP: 3/3
  1017 | D:2      | Reached XP level 4. HP: 48/48 MP: 4/4
  1478 | D:2      | You fall into a shaft and drop 1 floor!
  1498 | D:3      | Reached skill level 4 in Fighting
  1542 | D:3      | Found a white marble altar of Elyvilon.
  1544 | D:3      | Found a glowing silver altar of Zin.
  1545 | D:3      | Found a glowing golden altar of the Shining One.
  1557 | D:3      | Noticed Jessica
  1570 | D:3      | Killed Jessica
  1627 | D:3      | Slain by a gnoll

Illustrated notes

Levels and vault maps discovered:
D:1:      tarquinn_simple_flora_water_c, layout_basic, minmay_tromino_v4_c
D:2:      minmay_inner_zag, layout_loops_corners
D:3:      layout_rooms, good_gods_temple_1, uniq_jessica, uniq_robin

Skill      XL: |  1  2  3  4 |
---------------+-------------+-----
Unarmed Combat | 2 3 |  3.7
Fighting       | 3 4 |  4.3
Dodging        | |  1.7
Shapeshifting  | |  3.0

Action                     |  1- 3 |  4- 6 || total
---------------------------+-------+-------++-------
  Melee: Unarmed           |    74 |    43 ||   117
         Punch             |     2 |     4 ||     6
  Evoke: Wand              |       |     1 ||     1
    Use: Potion            |       |     3 ||     3
         Scroll            |       |     1 ||     1
   Stab: Sleeping          |     3 |       ||     3
 Armour: Robe              |    17 |    12 ||    29
  Dodge: Dodged            |    29 |    41 ||    70

Table legend: (Time is in decaauts)
 A = Elapsed time spent in this place.
 B = Non-inter-level travel time spent in this place.
 C = Inter-level travel time spent in this place.
 D = Time resting spent in this place.
 E = Time spent auto-exploring this place.
 F = Levels seen in this place.
 G = Mean time per level.
                   A        B        C        D        E       F      G
               +--------+--------+--------+--------+--------+-----+--------+
         Total |   1619 |   1604 |     15 |    102 |   1152 |   3 |  539.7 |
       Dungeon |   1619 |   1604 |     15 |    102 |   1152 |   3 |  539.7 |
               +--------+--------+--------+--------+--------+-----+--------+

Top non-repeatable levels by time:
     D:2: 974 daAuts
     D:1: 498 daAuts
     D:3: 146 daAuts
